 Dungeon Crawl Stone Soup version 0.20.0-15-g7f486f2 (webtiles) character file.

331 vishdafish the Shield-Bearer (level 6, -5/50 HPs)
             Began as a Formicid Fighter on June 30, 2017.
             Killed by divine providence
             ... invoked by an orc priest
              (17 damage)
             ... on level 4 of the Dungeon on July 1, 2017.
             The game lasted 00:05:33 (3004 turns).

vishdafish the Shield-Bearer (Formicid Fighter)     Turns: 3004, Time: 00:05:34

Health: -5/50      AC:  8    Str: 22    XL:     6   Next: 81%
Magic:  6/6        EV:  8    Int:  7    God:
Gold:   127        SH: 10    Dex: 11    Spells: 5/5 levels left

rFire    . . .     SeeInvis +   a - +0 war axe
rCold    . . .     Gourm    .   c - +0 shield
rNeg     . . .     Faith    .   b - +0 scale mail
rPois    .         Spirit   .   (helmet unavailable)
rElec    .         Reflect  .   r - +0 cloak
rCorr    .         Harm     .   (no gloves)
MR       .....                  (no boots)
Stlth    ..........             (no amulet)
Regen    0.2/turn               (no ring)
MPRegen  0.1/turn               (no ring)

@: no status effects
A: permanent stasis, dig shafts and tunnels, four strong arms, antennae 3
a: Dig, Shaft Self


You were on level 4 of the Dungeon.
You were very hungry.

You visited 1 branch of the dungeon, and saw 4 of its levels.

You collected 127 gold pieces.

Inventory:

Hand Weapons
 a - a +0 war axe (weapon)
Armour
 b - a +0 scale mail (worn)
 c - a +0 shield (worn)
 r - a +0 cloak (worn)
Jewellery
 n - an uncursed ring of magical power {unknown}
Wands
 u - a wand of polymorph (15/24)
 w - a wand of polymorph (2/24)
Scrolls
 h - 4 scrolls of noise
 j - 3 scrolls of teleportation
 k - a scroll of blinking {unknown}
 p - a scroll of remove curse
 v - a scroll of fear {unknown}
 x - a scroll of amnesia {unknown}
 y - a scroll of identify {unknown}
Potions
 d - a potion of might
 e - 2 potions of brilliance {unknown}
 i - 3 potions of curing {unknown}
 q - 3 potions of lignification {unknown}
 s - a potion of mutation {unknown}
 t - a potion of flight {unknown}
Books
 l - a book of Changes

   Spells                             Type                      Level
   a - Beastly Appendage              Transmutation                1
   b - Sticks to Snakes               Transmutation                2
   c - Spider Form                    Transmutation/Poison         3
   d - Ice Form                       Ice/Transmutation            4
   e - Blade Hands                    Transmutation                5
 m - a book of Maledictions

   Spells                             Type                      Level
   a - Corona                         Hexes                        1
   b - Ensorcelled Hibernation        Hexes/Ice                    2
   c - Confuse                        Hexes                        3
   d - Tukima's Dance                 Hexes                        3
   e - Dazzling Spray                 Conjuration/Hexes            3
Comestibles
 f - 3 bread rations
 g - a meat ration
 o - a fruit


   Skills:
 + Level 4.8 Fighting
 + Level 4.5 Axes
 + Level 4.0 Armour
 - Level 0.3 Dodging
 * Level 5.0 Shields


You had 5 spell levels left.
You didn't know any spells.

Dungeon Overview and Level Annotations

Branches:
Dungeon (4/15)
 Temple: D:4-7

Altars:
Fedhas


Innate Abilities, Weirdness & Mutations

You cannot be hasted, slowed, berserked, paralysed or teleported.
You can dig through walls and to a lower floor.
Your four strong arms can wield two-handed weapons with a shield.
You have a pair of large antennae on your head. (SInv)


Message History

You slash the orc priest!
The orc priest is almost dead.
You block the orc priest's attack.
You closely miss the orc priest.
The orc priest is almost dead.
The orc priest hits you but does no damage.
The orc priest hits you.
* * * LOW HITPOINT WARNING * * *
You slash the orc priest!
You kill the orc priest!
Your Armour skill increases to level 4!
Your Shields skill increases to level 5!
You barely miss the orc priest.
The orc priest calls upon Beogh to heal the orc wizard.
The orc wizard is healed somewhat.
You slash the orc priest!
The orc priest is severely wounded.
The orc priest mumbles some strange prayers to Beogh against you.
Beogh smites you!
You die...

###################
..................#
.###############.##
.# #.# .# #.# .#
#.# .# #@# ## #o#
#o# #o# ... ### #.#


You could see an orc priest, an orc wizard and an orc.

Vanquished Creatures
  The ghost of Setanta the Cudgeler, an amateur HOFi (D:3)
  2 orc priests (D:4)
  Natasha (D:3)
  2 adders
  An ooze (D:1)
  2 worms
  5 dart slugs
  10 orcs
  A bat (D:3)
  2 giant cockroaches (D:3)
  6 goblins
  11 hobgoblins
  3 jackals (D:3)
  A frilled lizard (D:1)
  10 kobolds
  3 rats (D:1)
61 creatures vanquished.

Notes
Turn   | Place    | Note
-------+----------+-------------------------------------------
     0 | D:1      | vishdafish the Formicid Fighter began the quest for the Orb.
     0 | D:1      | Reached XP level 1. HP: 18/18 MP: 1/1
   115 | D:1      | Reached XP level 2. HP: 24/24 MP: 2/2
   254 | D:1      | Reached skill level 4 in Shields
   256 | D:1      | Reached XP level 3. HP: 17/30 MP: 3/3
  1078 | D:2      | Reached XP level 4. HP: 31/37 MP: 4/4
  1299 | D:2      | Found a blossoming altar of Fedhas.
  1655 | D:3      | Noticed Setanta's ghost (amateur HOFi)
  1672 | D:3      | Killed Setanta's ghost
  1672 | D:3      | Reached XP level 5. HP: 21/43 MP: 5/5
  1672 | D:3      | Reached XP level 6. HP: 24/49 MP: 6/6
  2486 | D:3      | Noticed Natasha
  2504 | D:3      | Killed Natasha
  3002 | D:4      | Reached skill level 5 in Shields
  3004 | D:4      | Killed from afar by an orc priest

Skill      XL: |  1  2  3  4  5  6 |
---------------+-------------------+-----
Shields        | 4 5 |  5.0
Fighting       | 4 |  4.8
Axes           | 4 |  4.5
Armour         | 4 |  4.0
Dodging        | |  0.3

Action                   |  1- 3 |  4- 6 || total
-------------------------+-------+-------++-------
Melee: War axe           |    88 |   128 ||   216
       Unarmed           |       |     4 ||     4
  Use: Potion            |       |     1 ||     1
       Scroll            |       |     3 ||     3
  Eat: Chunk             |       |     6 ||     6
Armor: Scale mail        |    31 |    55 ||    86
Dodge: Dodged            |    21 |    42 ||    63
Block: Shield            |    43 |    81 ||   124
